 Dungeon Sprint DCSS version 0.29-a0-320-g9f8742066b (webtiles) character file.

Game seed: 6563235440898217107

184636 mhtbhm the Conqueror (level 16, -12/183 HPs)
             Began as a Minotaur Berserker on Apr 2, 2022.
             Was the Champion of Trog.
             Killed from afar by a hellion (38 damage)
             ... with damnation
             ... in the Dungeon (Sprint III: "The Ten Rune Challenge").
             The game lasted 00:30:14 (14117 turns).

mhtbhm the Conqueror (Minotaur Berserker)          Turns: 14117, Time: 00:30:15

Health: -12/183    AC: 38    Str: 34    XL:     16   Next: 74%
Magic:  15/15      EV: 13    Int:  4    God:    Trog [******]
Gold:   805        SH:  5    Dex: 13    Spells: 15/15 levels left

rFire   + + +      SeeInvis .   i - +7 executioner's axe of Muca {holy, rF+}
rCold   + + +      Faith    .   (shield currently unavailable)
rNeg    . . .      Spirit   .   W - +5 gold dragon scales
rPois   +          Reflect  +   y - +2 hood of the Assassin {Detection Stab+ Stlth++}
rElec   .          Harm     .   v - scarf {rC+ rF+}
rCorr   .          Rampage  +   w - +0 pair of fencer's gloves {Riposte Dex+3}
Will    +++..      NoTele   +   F - +0 pair of boots {rampage}
Stlth   +++.......              t - amulet of reflection
HPRegen 0.40/turn               s - ring of Vanity {rC++ Will+ Str+4}
MPRegen 0.14/turn               D - ring "Oluig" {Fly rPois rF+ Will+}

@: flying, studying 3 skills
A: horns 2, retaliatory headbutt
}: 3/10 runes: decaying, barnacled, silver
a: Renounce Religion, Berserk, Trog's Hand, Brothers in Arms


You were in the Dungeon.
You worshipped Trog.
Trog was exalted by your worship.
You visited 1 branch You collected 4208 gold pieces.
You spent 3403 gold pieces at shops.

Inventory:

Hand Weapons
 a - a +8 battleaxe of flaming
 d - a +5 vorpal broad axe
 i - the +7 executioner's axe of Muca (weapon) {holy, rF+}
   (You acquired it in the Dungeon)

   It has been blessed by the Shining One to cause great damage to the undead
   and demons.
   rF:        It protects you from fire.
 I - a +7 vorpal executioner's axe
Missiles
 q - 7 javelins
 r - 7 curare-tipped darts
 z - 5 silver javelins (quivered)
Armour
 b - the +1 plate armour of Sloth {rPois rCorr MP+9}
   (You bought it in a shop in the Dungeon)

   rPois:     It protects you from poison.
   MP:        It affects your magic capacity (+9).
   rCorr:     It protects you from acid and corrosion.
 v - a scarf of resistance (worn)
 w - the +0 pair of fencer's gloves (worn) {Riposte Dex+3}
   (You acquired it in the Dungeon)

   It allows the wearer to riposte with melee weapons, swiftly retaliating
   against missed attacks.
   Dex:       It affects your dexterity (+3).
 y - the +2 hood of the Assassin (worn) {Detection Stab+ Stlth++}
   (You found it in the Dungeon)

   It allows the wearer to sense nearby creatures.
   It allows the wearer to make particularly effective stabbing attacks against
   helpless or unaware enemies with any weapon.
   Stlth:     It makes you much more stealthy.
 F - a +0 pair of boots of rampaging (worn)
 H - a +2 tower shield of reflection
 W - +5 gold dragon scales (worn)
Jewellery
 s - the ring of Vanity (left hand) {rC++ Will+ Str+4}
   (You bought it in a shop in the Dungeon)

   [ring of willpower]

   Str:       It affects your strength (+4).
   rC:        It greatly protects you from cold.
   Will:      It increases your willpower.
 t - an amulet of reflection (around neck)
 D - the ring "Oluig" (right hand) {Fly rPois rF+ Will+}
   (You found it in the Dungeon)

   [ring of flight]

   rF:        It protects you from fire.
   rPois:     It protects you from poison.
   Fly:       It grants you flight.
   Will:      It increases your willpower.
 M - the ring "Diku" {rC+ Str+6}
   (You found it in the Dungeon)

   [ring of strength]

   Str:       It affects your strength (+6).
   rC:        It protects you from cold.
 N - the ring of Equivalence {Fly rC+}
   (You found it in the Dungeon)

   [ring of flight]

   rC:        It protects you from cold.
   Fly:       It grants you flight.
 S - a ring of protection from fire
Wands
 u - a wand of paralysis (3)
 A - a wand of acid (7)
 O - a wand of flame (8)
 T - a wand of iceblast (11)
Scrolls
 h - a scroll of blinking
 j - a scroll of holy word
 l - a scroll of immolation
 K - 7 scrolls of identify
 L - a scroll of enchant armour
 P - 2 scrolls of silence
Potions
 c - 13 potions of curing
 e - 2 potions of haste
 f - 2 potions of magic
 g - 2 potions of berserk rage
 k - 6 potions of flight
 m - 5 potions of mutation
 n - 7 potions of might
 x - 2 potions of invisibility
 B - 2 potions of cancellation
 C - 5 potions of heal wounds
 E - a potion of attraction
 J - a potion of resistance
Miscellaneous
 o - a phial of floods
 p - the horn of Geryon
 G - a box of beasts
 Q - a condenser vane


   Skills:
 O Level 27 Fighting
 O Level 27 Axes
 + Level 3.0 Throwing
 O Level 27 Armour
 + Level 12.9 Dodging
 + Level 22.6 Stealth
 O Level 27 Shields
 + Level 7.3 Evocations


You had 15 spell levels left.
You didn't know any spells.
Your spell library was empty.

Dungeon Overview and Level Annotations

Branches:
Dungeon (1/1)

Altars:
Cheibriados
Dithmenos
Elyvilon
Fedhas
Gozag
Hepliaklqana
Kikubaaqudgha
Makhleb
Nemelex Xobeh
Okawaru
Qazlal
Ru
Sif Muna
Trog
Uskayaw
Vehumet
Wu Jian
Xom
Yredelemnul
Zin
The Shining One
Beogh
Jiyva
Lugonu

Shops:
D =(!!::[![!![[:=!=(?!=([


Innate Abilities, Weirdness & Mutations

You have a pair of horns on your head.
You reflexively headbutt those who attack you in melee.


Message History

The hellion gestures at you.
The sphere of damnation explodes!
The damnation engulfs you!!
You hear a hideous shriek!
Unknown command.
Unknown command.
Throw: 8 javelins (silver)
Press: ? - help, Q - select action, (/) - cycle Shift-Dir - straight line, f/p - hellion
Aim: a hellion (moderately wounded, 71% to hit)
You throw a silver javelin.
The silver javelin pierces through the hellion.
The hellion is heavily wounded.
Unknown command.
Throw: 7 javelins (silver)
Press: ? - help, Q - select action, (/) - cycle Shift-Dir - straight line, f/p - hellion
Aim: a hellion (heavily wounded, 71% to hit)
You throw a silver javelin.
The silver javelin pierces through the hellion!
The hellion is severely wounded.
A hellion comes into view.
The hellion gestures at you.
The sphere of damnation explodes!
The damnation engulfs you!! The hellion gestures at you.
The sphere of damnation explodes!
The damnation engulfs you!!
The hellion gives a hideous shriek!
Unknown command.
Throw: 6 javelins (silver)
Press: ? - help, Q - select action, (/) - cycle Shift-Dir - straight line, f/p - hellion
Aim: a hellion (severely wounded, 71% to hit)
You throw a silver javelin.
The silver javelin pierces through the hellion!!
You kill the hellion!
Trog accepts your kill. The hellion gestures at you.
The sphere of damnation explodes!
The damnation engulfs you!! The hellion gestures at you.
The sphere of damnation explodes!
The damnation engulfs you!!
* * * LOW HITPOINT WARNING * * *
The hellion gestures at you.
The sphere of damnation explodes!
The damnation engulfs you!!!
You die...

.'..####+# #≈......≈ ##..#
#§≈≈≈222§§≈≈§##........ [##'#{
#.≈≈≈§≈§≈§§§.##........ [#..#{
#§§≈≈≈≈≈≈≈§≈.##........ .#..#{
#§☼°§§≈≈≈≈§§.##)......≈ ##''###
#§§§§§≈≈.§§§§##.≈....≈.
.#.)#.#.###.§☼§.....§§§#####++###
..)))....##8§.§....§§☼8##..'.....
##'#############@###############.
.................)......#...# ##.
.........).).(..........#...###..
......)..))[(...........'...)...:
.........)).............#...###..
........................#...# ##.
###+#############+##############.
{ { { #......#' #......#.


You could see 3 hellions.

Vanquished Creatures
  the Serpent of Hell (D)
  Mara (D)
  Mennas (D)
  Sojobo (D)
  Boris (D)
  Sigmund (D)
  Geryon (D)
  Nikola (D)
  A golden dragon (D)
  A Brimstone Fiend (D)
  Rupert (D)
  An iron giant (D)
  A Hell Sentinel (D)
  3 titans (D)
  A quicksilver dragon (D)
  A lich (D)
  A deep elf master archer (D)
  An ancient champion (D)
  An Executioner (D)
  A storm dragon (D)
  3 shadow dragons (D)
  Chuck (D)
  A kraken (D)
  Gastronok (D)
  Roxanne (D)
  A draconian knight (D)
  A fire giant (D)
  4 azure jellies (D)
  A frost giant (D)
  An iron dragon (D)
  2 stone giants (D)
  4 war gargoyles (D)
  2 vampire knights (D)
  Azrael (D)
  A deep elf demonologist (D)
  2 dire elephants (D)
  An iron golem (D)
  A mummy priest (D)
  A deep elf death mage (D)
  A fire dragon (D)
  6 yaktaur captains (D)
  Josephine (D)
  18 vault guards (D)
  2 hell beasts (D)
  3 alligator snapping turtles (D)
  3 hydras (D)
  3 centaur warriors (D)
  An anaconda (shapeshifter) (D)
  An ogre mage (D)
  4 dancing weapons (D)
  2 iron elementals (D)
  4 death yaks (D)
  Urug (D)
  2 soul eaters (D)
  2 sun demons (D)
  2 deep elf knights (D)
  9 skeletal warriors (D)
  2 golden dragon zombies (D)
  A shadow wraith (D)
  A spriggan druid (D)
  2 anaconda zombies (D)
  3 death drakes (D)
  2 obsidian statues (D)
  A sea snake (shapeshifter) (D)
  A spectral hydra (D)
  2 deep elf zephyrmancers (D)
  3 orc knights (D)
  A lindwurm (D)
  3 deep elf pyromancers (D)
  4 crystal guardians (D)
  7 ugly things (D)
  An orc sorcerer (D)
  2 oklob plants (D)
  2 elephants (D)
  A molten gargoyle (D)
  3 rust devils (D)
  A water nymph (shapeshifter) (D)
  2 black mambas (D)
  7 statues (D)
  2 cane toads (D)
  An iron troll simulacrum (D)
  Edmund (D)
  An unseen horror (D)
  2 hellions (D)
  A komodo dragon (D)
  A rime drake (D)
  8 yaktaurs (D)
  2 anaconda simulacra (D)
  2 ice devils (D)
  A queen bee (D)
  4 spriggan defenders (D)
  2 tyrant leeches (D)
  3 hornets (D)
  8 slime creatures (D)
  3 orc high priests (D)
  3 snapping turtles (D)
  8 blink frogs (D)
  2 spriggans (D)
  A shadow (D)
  3 redbacks (D)
  A spatial vortex (D)
  A hydra simulacrum (D)
  A floating eye (D)
  A swamp drake (D)
  A black mamba simulacrum (D)
  A fire dragon simulacrum (D)
  2 centaurs (D)
  6 swamp dragon skeletons (D)
  An earth elemental (D)
  A necrophage (D)
  A scorpion (D)
  A water elemental (D)
  32 killer bees (D)
  2 wandering mushrooms (D)
  2 electric eels (D)
  4 orc priests (D)
  A jelly (D)
  A wizard (D)
  A necromancer (D)
  A polar bear simulacrum (D)
  A wolf simulacrum (D)
  A kobold demonologist (D)
  3 humans (D)
  13 orcs (D)
  4 rats (D)
  A ball lightning (D)
  4 bushes (D)
  6 butterflies (D)
  2 plants (D)
  2 tentacles (D)
327 creatures vanquished.

Vanquished Creatures (collateral kills)
  2 deep elf demonologists (D)
  A deep elf death mage (D)
3 creatures vanquished.

Vanquished Creatures (others)
  A statue (D)
  3 electric eels (D)
  A wandering mushroom (D)
  3 ball lightnings (D)
  4 ballistomycete spores (D)
  27 plants (D)
  12 tentacles (D)
51 creatures vanquished.

Grand Total: 381 creatures vanquished

Notes
Turn   | Place    | Note
-------+----------+-------------------------------------------
     0 | D        | mhtbhm the Minotaur Berserker began the quest for the Orb.
     0 | D        | Reached XP level 1. HP: 19/19 MP: 0/0
     5 | D        | Upgraded the game from 0.29-a0-319-gad05b8d819 to
                  | 0.29-a0-320-g9f8742066b
    14 | D        | Reached ** piety under Trog
    42 | D        | Reached skill level 5 in Fighting
    42 | D        | Reached skill level 5 in Axes
    42 | D        | Reached XP level 2. HP: 6/29 MP: 1/1
   294 | D        | Noticed a scorpion
   300 | D        | Killed a scorpion
   301 | D        | Reached XP level 3. HP: 32/39 MP: 2/2
   301 | D        | Reached XP level 4. HP: 38/47 MP: 3/3
   373 | D        | Noticed a water elemental
   378 | D        | Killed a water elemental
   378 | D        | Reached *** piety under Trog
   422 | D        | Found a basalt altar of Yredelemnul.
   422 | D        | Found a shadowy altar of Dithmenos.
   422 | D        | Found a sacrificial altar of Ru.
   422 | D        | Noticed a necrophage
   426 | D        | Killed a necrophage
   427 | D        | Reached XP level 5. HP: 57/57 MP: 4/4
   464 | D        | Found a hide-covered altar of Uskayaw.
   464 | D        | Found an iron altar of Okawaru.
   464 | D        | Found a bloodstained altar of Trog.
   464 | D        | Found an ornate altar of the Wu Jian Council.
   464 | D        | Noticed a human
   469 | D        | Killed a human
   470 | D        | Reached skill level 10 in Axes
   470 | D        | Reached skill level 5 in Armour
   470 | D        | Reached skill level 5 in Dodging
   470 | D        | Reached XP level 6. HP: 68/68 MP: 5/5
   470 | D        | Noticed a human
   477 | D        | Killed a human
   477 | D        | Reached **** piety under Trog
   545 | D        | Found a glowing silver altar of Zin.
   545 | D        | Found a glowing golden altar of the Shining One.
   545 | D        | Found a white marble altar of Elyvilon.
   546 | D        | Noticed a deep elf pyromancer
   548 | D        | Noticed a fire elemental
   548 | D        | Noticed a fire elemental
   551 | D        | Killed a deep elf pyromancer
   552 | D        | Reached XP level 7. HP: 74/79 MP: 6/6
   676 | D        | Found a radiant altar of Vehumet.
   676 | D        | Found a shimmering blue altar of Sif Muna.
   676 | D        | Found an ancient bone altar of Kikubaaqudgha.
   686 | D        | Reached ***** piety under Trog
   753 | D        | Noticed a shadow
   762 | D        | Killed a shadow
   763 | D        | Reached XP level 8. HP: 85/88 MP: 7/7
   887 | D        | Found a blossoming altar of Fedhas.
   887 | D        | Found a stormy altar of Qazlal.
   887 | D        | Found a snail-covered altar of Cheibriados.
   887 | D        | Found a burning altar of Makhleb.
   887 | D        | Found a shimmering altar of Xom.
   888 | D        | Found a hazy altar of Hepliaklqana.
   888 | D        | Found an opulent altar of Gozag.
   888 | D        | Found a sparkling altar of Nemelex Xobeh.
   888 | D        | Found a corrupted altar of Lugonu.
   888 | D        | Found a viscous altar of Jiyva.
   968 | D        | Noticed Josephine
   976 | D        | Killed Josephine
   976 | D        | Received a gift from Trog
   977 | D        | Reached skill level 15 in Fighting
  1102 | D        | Reached skill level 15 in Axes
  1152 | D        | Noticed a centaur warrior
  1158 | D        | Reached XP level 9. HP: 94/97 MP: 8/8
  1159 | D        | Killed a centaur warrior
  1185 | D        | Killed an unseen horror
  1204 | D        | Noticed a wandering mushroom
  1208 | D        | Noticed a wandering mushroom
  1210 | D        | Noticed a wandering mushroom
  1239 | D        | Received a gift from Trog
  1667 | D        | Noticed a cane toad
  1667 | D        | Noticed a komodo dragon
  1667 | D        | Noticed a cane toad
  1672 | D        | Killed a cane toad
  1673 | D        | Reached skill level 10 in Armour
  1674 | D        | Killed a komodo dragon
  1681 | D        | Killed a cane toad
  1682 | D        | Reached XP level 10. HP: 78/111 MP: 9/9
  2034 | D        | Noticed a lindwurm
  2038 | D        | Killed a lindwurm
  2243 | D        | Received a gift from Trog
  2243 | D        | Reached ****** piety under Trog
  2245 | D        | Noticed Urug
  2254 | D        | Killed Urug
  2482 | D        | Noticed an eight-headed hydra
  2482 | D        | Noticed a six-headed hydra
  2491 | D        | Killed a five-headed hydra
  2496 | D        | Killed a two-headed hydra
  3045 | D        | Noticed an orc knight
  3046 | D        | Noticed an orc sorcerer
  3049 | D        | Received a gift from Trog
  3050 | D        | Found Gem Kuah's Book Emporium.
  3050 | D        | Noticed an orange demon
  3052 | D        | Killed an orc sorcerer
  3055 | D        | Killed an orc knight
  3056 | D        | Reached skill level 1 in Throwing
  3056 | D        | Reached skill level 15 in Armour
  3056 | D        | Reached XP level 11. HP: 120/121 MP: 10/10
  3056 | D        | Received a gift from Trog
  3190 | D        | Noticed Sigmund
  3190 | D        | Noticed Edmund
  3196 | D        | Killed Sigmund
  3197 | D        | Reached skill level 1 in Stealth
  3199 | D        | Killed Edmund
  3261 | D        | Received a gift from Trog
  3361 | D        | Noticed an obsidian statue
  3371 | D        | Killed an obsidian statue
  3382 | D        | Found Panocw's Antique Weapon Emporium.
  3382 | D        | Found Plog's Distillery.
  3382 | D        | Found Baremowu's Antique Armour Shoppe.
  3382 | D        | Found Goawim's Jewellery Boutique.
  3382 | D        | Found Wuriryph's Magic Scroll Emporium.
  3382 | D        | Found Unkeitz's Antique Weapon Shop.
  3382 | D        | Found Qonept's Jewellery Boutique.
  3383 | D        | Found Qeivvonk's Distillery.
  3383 | D        | Found Juec's Jewellery Shoppe.
  3383 | D        | Found Voiblit's Book Shop.
  3383 | D        | Found Qishriff's Antique Armour Emporium.
  3418 | D        | Bought a crude plate armour for 924 gold pieces
  3418 | D        | Identified the +1 plate armour of Sloth {rPois rCorr MP+9}
                  | (You bought it in a shop in the Dungeon)
  3438 | D        | Bought the ring of Vanity {rC++ Will+ Str+4} for 810 gold
                  | pieces
  3440 | D        | Bought an amulet of reflection for 360 gold pieces
  3515 | D        | Received a gift from Trog
  3572 | D        | Noticed a steelbarb worm
  3575 | D        | Noticed a sea snake
  3575 | D        | a steelbarb worm changed into a sea snake
  3578 | D        | Killed a sea snake
  3636 | D        | Noticed a centaur warrior
  3640 | D        | Killed a centaur warrior
  3650 | D        | Noticed a fire dragon
  3654 | D        | Killed a fire dragon
  3844 | D        | Noticed a +2 mace of protection
  3844 | D        | Noticed a +1 long sword of flaming
  3848 | D        | Killed a +2 mace of protection
  3854 | D        | Killed a +1 long sword of flaming
  3854 | D        | Received a gift from Trog
  3855 | D        | Reached skill level 1 in Shields
  4031 | D        | Noticed a +3 antimagic hand axe
  4033 | D        | Killed a +3 antimagic hand axe
  4034 | D        | Reached XP level 12. HP: 132/136 MP: 11/11
  4180 | D        | Noticed a yaktaur captain
  4194 | D        | Killed a yaktaur captain
  4194 | D        | Received a gift from Trog
  4300 | D        | Noticed an ancient lich
  4366 | D        | Identified the +1 hunting sling of Paper {venom, rC+ rN+}
  4546 | D        | Noticed a yaktaur captain
  4546 | D        | Noticed a yaktaur captain
  4582 | D        | Received a gift from Trog
  4709 | D        | Noticed Rupert
  4716 | D        | Killed Rupert
  4764 | D        | Noticed a death yak
  4764 | D        | Noticed a death yak
  4772 | D        | Noticed a death yak
  4772 | D        | Killed a death yak
  4777 | D        | Killed a death yak
  4778 | D        | Received a gift from Trog
  4778 | D        | Noticed a death yak
  4784 | D        | Killed a death yak
  4788 | D        | Killed a death yak
  4791 | D        | Noticed an azure jelly
  4791 | D        | Noticed an azure jelly
  4799 | D        | Reached XP level 13. HP: 68/149 MP: 12/12
  4869 | D        | Noticed an azure jelly
  4869 | D        | Noticed an azure jelly
  5034 | D        | Killed an azure jelly
  5034 | D        | Received a gift from Trog
  5039 | D        | Killed an azure jelly
  5040 | D        | Killed an azure jelly
  5040 | D        | Killed an azure jelly
  5245 | D        | Noticed a dire elephant
  5245 | D        | Noticed a dire elephant
  5245 | D        | Noticed Gastronok
  5249 | D        | Killed a dire elephant
  5255 | D        | Killed a dire elephant
  5255 | D        | Received a gift from Trog
  5260 | D        | Killed Gastronok
  5263 | D        | Reached skill level 5 in Shields
  5525 | D        | Found a blossoming altar of Fedhas.
  5537 | D        | Received a gift from Trog
  5562 | D        | Received a gift from Trog
  5563 | D        | Identified the ring "Oluig" {Fly rPois rF+ Will+}
  5602 | D        | Noticed a kraken
  5807 | D        | Killed a kraken
  5851 | D        | Found Kasovye Qest's Distillery.
  5851 | D        | Found Dygismimi's Book Shop.
  5851 | D        | Found Janaot's Antique Armour Boutique.
  6034 | D        | Got a barnacled rune of Zot
  6125 | D        | Received a gift from Trog
  6140 | D        | Received a gift from Trog
  6159 | D        | Received a gift from Trog
  6178 | D        | Received a gift from Trog
  6862 | D        | Noticed Azrael
  6866 | D        | Killed Azrael
  6866 | D        | Received a gift from Trog
  6940 | D        | Acquired the +0 pair of fencer's gloves {Riposte Dex+3}
  6940 | D        | Found the +0 pair of fencer's gloves {Riposte Dex+3}
  6947 | D        | Acquired the +7 executioner's axe of Muca {holy, rF+}
  7237 | D        | Paralysed by an air elemental for 1 turns
  7245 | D        | Reached XP level 14. HP: 166/166 MP: 13/13
  7336 | D        | Noticed Boris
  7342 | D        | Reached skill level 27 in Fighting
  7345 | D        | Received a gift from Trog
  7351 | D        | Killed Boris
  7352 | D        | Reached skill level 27 in Axes
  7402 | D        | Received a gift from Trog
  7580 | D        | Found Kuwierph's Armour Emporium.
  7580 | D        | Found Xywonem's Distillery.
  7580 | D        | Found Mear's Distillery.
  7580 | D        | Found Seantama's Armour Shoppe.
  7587 | D        | Bought a +0 pair of boots of rampaging for 149 gold pieces
  7680 | D        | Identified Roxanne's Reference Book on Shape Shifting
  7680 | D        | Noticed Roxanne
  7691 | D        | Killed Roxanne
  7730 | D        | Found Cehenano's Distillery.
  7745 | D        | Noticed a black draconian knight
  7751 | D        | Received a gift from Trog
  7756 | D        | Killed a black draconian knight
  7759 | D        | Received a gift from Trog
  7880 | D        | Noticed an Executioner
  7882 | D        | Killed an Executioner
  7883 | D        | Reached skill level 10 in Shields
  8109 | D        | Noticed Chuck
  8116 | D        | Killed Chuck
  8124 | D        | Identified the +3 scale mail of Meciratu {rF++ rC- Will+
                  | rCorr}
  8125 | D        | Identified the +6 bardiche of Absolution {drain, *Corrode
                  | +Blink rC+ rN+}
  8261 | D        | Noticed Sojobo
  8269 | D        | Received a gift from Trog
  8283 | D        | Killed Sojobo
  8284 | D        | Reached skill level 10 in Dodging
  8484 | D        | Noticed a lich
  8487 | D        | Killed a lich
  8488 | D        | Reached skill level 27 in Armour
  8496 | D        | Noticed a shadow dragon
  8496 | D        | Noticed a shadow dragon
  8504 | D        | Killed a shadow dragon
  8509 | D        | Killed a shadow dragon
  8509 | D        | Received a gift from Trog
  8734 | D        | Reached skill level 5 in Stealth
  8925 | D        | Received a gift from Trog
  8955 | D        | Reached skill level 15 in Shields
  8964 | D        | Identified the +13 hand axe of Ifipug {vorpal, rElec rCorr
                  | Str+3 Dex-4} (Trog gifted it to you in the Dungeon)
  8964 | D        | Received a gift from Trog
  8968 | D        | Reached XP level 15. HP: 174/174 MP: 14/14
  9262 | D        | Found Icrula's Jewellery Shoppe.
  9262 | D        | Found Pypsuba's Antique Weapon Boutique.
  9262 | D        | Found Iczys's Distillery.
  9272 | D        | Received a gift from Trog
  9287 | D        | Bought a potion of heal wounds for 55 gold pieces
  9505 | D        | Got a decaying rune of Zot
  9649 | D        | Received a gift from Trog
  9657 | D        | Received a gift from Trog
  9680 | D        | Noticed a deep elf master archer
  9691 | D        | Killed a deep elf master archer
  9720 | D        | Identified the +8 dagger of Bupy {speed, *Corrode Fly rF+
                  | Dex+6}
  9722 | D        | Identified the ring of Equivalence {Fly rC+}
  9856 | D        | Received a gift from Trog
 10546 | D        | Noticed a quicksilver dragon
 10546 | D        | Noticed a titan
 10546 | D        | Noticed a frost giant
 10546 | D        | Noticed a titan
 10546 | D        | Noticed a fire giant
 10546 | D        | Noticed a golden dragon
 10546 | D        | Noticed a titan
 10547 | D        | Noticed a shadow dragon
 10555 | D        | Received a gift from Trog
 10556 | D        | Reached skill level 1 in Evocations
 10561 | D        | Killed a fire giant
 10561 | D        | Identified the +4 war axe of Tortfeasance {flame, rPois
                  | SInv} (Trog gifted it to you in the Dungeon)
 10561 | D        | Received a gift from Trog
 10562 | D        | Reached skill level 10 in Stealth
 10564 | D        | Killed a quicksilver dragon
 10564 | D        | Received a gift from Trog
 10568 | D        | Killed a golden dragon
 10572 | D        | Killed a frost giant
 10576 | D        | Killed a titan
 10576 | D        | Killed a titan
 10576 | D        | Received a gift from Trog
 10579 | D        | Killed a shadow dragon
 10582 | D        | Killed a titan
 10587 | D        | Received a gift from Trog
 10599 | D        | Identified the ring "Diku" {rC+ Str+6}
 10617 | D        | Got a silver rune of Zot
 10939 | D        | Acquired 704 gold pieces
 11090 | D        | Noticed Geryon
 11094 | D        | Reached skill level 27 in Shields
 11098 | D        | Reached XP level 16. HP: 183/183 MP: 15/15
 11099 | D        | Received a gift from Trog
 11107 | D        | Killed Geryon
 11224 | D        | Noticed an iron giant
 11229 | D        | Killed an iron giant
 11229 | D        | Received a gift from Trog
 11230 | D        | Reached skill level 15 in Stealth
 11530 | D        | Reached skill level 5 in Evocations
 11633 | D        | Received a gift from Trog
 11715 | D        | Found the +2 hood of the Assassin {Detection Stab+ Stlth++}
 11732 | D        | Noticed a Hell Sentinel
 11740 | D        | Killed a Hell Sentinel
 11828 | D        | Noticed the Serpent of Hell
 11840 | D        | Killed the Serpent of Hell
 11860 | D        | Noticed a Brimstone Fiend
 11866 | D        | Killed a Brimstone Fiend
 11866 | D        | Received a gift from Trog
 12233 | D        | Noticed Mara
 12247 | D        | Noticed mhtbhm's illusion
 12272 | D        | Killed Mara
 12573 | D        | Noticed an ancient champion
 12576 | D        | Killed an ancient champion
 12576 | D        | Received a gift from Trog
 12751 | D        | Noticed Nikola
 12751 | D        | Noticed a storm dragon
 12754 | D        | Killed a storm dragon
 12757 | D        | Killed Nikola
 12964 | D        | Noticed Mennas
 12981 | D        | Killed Mennas
 13047 | D        | Received a gift from Trog
 13292 | D        | Bought a potion of heal wounds for 55 gold pieces
 13292 | D        | Bought a potion of heal wounds for 55 gold pieces
 13292 | D        | Bought a potion of resistance for 110 gold pieces
 13292 | D        | Bought a potion of heal wounds for 55 gold pieces
 13294 | D        | Bought a potion of curing for 39 gold pieces
 13294 | D        | Bought a potion of curing for 39 gold pieces
 13294 | D        | Bought a potion of curing for 39 gold pieces
 13294 | D        | Bought a potion of heal wounds for 65 gold pieces
 13294 | D        | Bought a potion of might for 52 gold pieces
 13334 | D        | Bought a potion of might for 56 gold pieces
 13334 | D        | Bought a potion of curing for 42 gold pieces
 13338 | D        | Bought a potion of curing for 39 gold pieces
 13339 | D        | Bought a scroll of enchant armour for 105 gold pieces
 13511 | D        | Bought a potion of heal wounds for 60 gold pieces
 13511 | D        | Bought a potion of might for 48 gold pieces
 13511 | D        | Bought a potion of might for 48 gold pieces
 13625 | D        | Bought a potion of haste for 110 gold pieces
 13625 | D        | Bought a potion of might for 44 gold pieces
 13625 | D        | Bought a potion of might for 44 gold pieces
 14117 | D        | Killed from afar by a hellion

Illustrated notes

Levels and vault maps discovered:
D:        dungeon_sprint_mu [sprint_mu_entry_forest, sprint_mu_temple_rooms,
          sprint_mu_d1_horrors, sprint_mu_d2_genie, sprint_mu_d3_branching,
          sprint_mu_orc_legion, sprint_mu_elf_gauntlet, sprint_mu_hive_nellie,
          sprint_mu_lair_fedhas, sprint_mu_vaults_butterflies,
          sprint_mu_slime_circle, sprint_mu_swamp_cave, sprint_mu_shoals_kraken,
          sprint_mu_blade_basic, sprint_mu_crypt_lich, sprint_mu_tomb_spiral,
          sprint_mu_vestibule_basic, sprint_mu_gehenna_hellfire,
          sprint_mu_dis_giant, sprint_mu_tartarus_statrot,
          sprint_mu_cocytus_islands, sprint_mu_zot1]

Skill      XL: |  1  2  3  4  5  6  7  8  9 10 11 12 13 14 15 16 |
---------------+-------------------------------------------------+-----
Fighting       | 5 7 9 11 13 15 17 18 21 23 26 27 | 27.0
Axes           | 5 7 9 10 12 13 15 17 18 21 23 26 27 | 27.0
Armour         | 3 4 5 6 7 8 11 15 18 20 22 27 | 27.0
Dodging        | 3 4 5 7 8 9 10 12 | 12.9
Throwing       | 1 2 3 |  3.0
Stealth        | 1 2 6 12 22 | 22.6
Shields        | 1 3 7 16 27 | 27.0
Evocations     | 4 7 |  7.3

Action                   |  1- 3 |  4- 6 |  7- 9 | 10-12 | 13-15 | 16-18 || total
-------------------------+-------+-------+-------+-------+-------+-------++-------
Melee: Hand axe          |    17 |    22 |    64 |     7 |       |       ||   110
       Headbutt          |     4 |     4 |    15 |    47 |    87 |    43 ||   200
       Battleaxe         |       |       |    13 |   197 |   306 |       ||   516
       Punch             |       |       |       |     1 |       |       ||     1
       Executioner's axe |       |       |       |       |    96 |   131 ||   227
Throw: Javelin           |       |       |       |     2 |       |     7 ||     9
       Dart              |       |       |       |     1 |       |     2 ||     3
Invok: Berserk           |       |     4 |     5 |     8 |    15 |     5 ||    37
       Brothers in Arms  |       |       |       |       |     1 |     1 ||     2
Evoke: Condenser vane    |       |       |       |       |     2 |       ||     2
       Wand              |       |       |       |       |       |     1 ||     1
       Horn of Geryon    |       |       |       |       |       |     1 ||     1
  Use: Potion            |       |       |       |     1 |       |     4 ||     5
       Scroll            |       |       |       |     2 |    11 |     5 ||    18
 Stab: Distracted        |       |       |       |       |     1 |     1 ||     2
       Confused          |       |       |       |       |     3 |     8 ||    11
Armor: Animal skin       |     2 |     1 |       |       |       |       ||     3
       Chain mail        |       |     1 |    24 |    35 |       |       ||    60
       Plate armour      |       |       |       |    28 |   161 |     7 ||   196
       Gold dragon scale |       |       |       |       |       |    72 ||    72
Dodge: Dodged            |    10 |     9 |    16 |    72 |   146 |    59 ||   312
Block: Other             |       |       |       |    16 |    51 |    17 ||    84
       Reflection        |       |       |       |     1 |     6 |     1 ||     8
       Rpst.: Battleaxe  |       |       |       |       |     9 |       ||     9
       Executioner's axe |       |       |       |       |     3 |     7 ||    10

Table legend: (Time is in decaauts) A = Elapsed time spent in this place. B = Non-inter-level travel time spent in this place. C = Inter-level travel time spent in this place. D = Time resting spent in this place. E = Time spent auto-exploring this place. F = Levels seen in this place. G = Mean time per level. A B C D E F G +--------+--------+--------+--------+--------+-----+--------+ Total | 14246 | 13839 | 407 | 8993 | 351 | 1 | 14246.0 | Dungeon | 14246 | 13839 | 407 | 8993 | 351 | 1 | 14246.0 | +--------+--------+--------+--------+--------+-----+--------+

Top non-repeatable levels by time:
       D: 14246 daAuts
